 Dungeon Crawl Stone Soup version 0.29.0-15-g675c0067aa (webtiles) character file.

Game seed: 1443856886169736610

11 qw the Sneak (level 2, -2/19 HPs)
             Began as a Gargoyle Delver on Sept 11, 2022.
             Slain by a hobgoblin (4 damage)
             ... on level 4 of the Dungeon.
             The game lasted 00:00:07 (432 turns).

qw the Sneak (Gargoyle Delver)                       Turns: 432, Time: 00:00:08

Health: -2/19      AC:  5    Str: 15    XL:     2   Next: 29%
Magic:  2/2        EV: 11    Int: 10    God:
Gold:   8          SH:  0    Dex: 11    Spells: 1/1 levels left

rFire   . . .      SeeInvis .   a - +0 hand axe
rCold   . . .      Faith    .   (no shield)
rNeg    + . .      Spirit   .   b - +0 leather armour
rPois   inf        Reflect  .   (no helmet)
rElec   +          Harm     .   (no cloak)
rCorr   .          Rampage  .   (no gloves)
Will    .....                   (no boots)
Stlth   +++.......              (no amulet)
HPRegen 0.06/turn               (no ring)
MPRegen 0.08/turn               (no ring)

@: no status effects
A: sickness immunity, AC +2, negative energy resistance 1, electricity
resistance, torment resistance 1, petrification resistance
a: no special abilities


You were on level 4 of the Dungeon.
You visited 1 branch of the dungeon, and saw 2 of its levels.

You collected 8 gold pieces.


Innate Abilities, Weirdness & Mutations

You are immune to sickness and miasma.
Your stone body is resilient. (AC +2)
You are immune to poison.
You resist negative energy. (rN+)
You are resistant to electric shocks. (rElec)
You are resistant to unholy torment.
You are immune to petrification.


   Skills:
 - Level 3.2 Fighting
 + Level 2.6 Axes
 - Level 1.5 Dodging
 - Level 5.4 Stealth


You had one spell level left.
You didn't know any spells.
Your spell library was empty.

Inventory:

Hand Weapons
 a - a +0 hand axe (weapon)
Armour
 b - a +0 leather armour (worn)
Wands
 g - a wand of digging (3)
Potions
 f - a potion of haste

Dungeon Overview and Level Annotations

Branches:
Dungeon (5/15)
 Temple: D:4-7

Altars:


Message History

The adder is moderately wounded.
You barely miss the hobgoblin. The hobgoblin barely misses you.
The adder closely misses you. The hobgoblin hits you.
You closely miss the adder.
The adder is moderately wounded.
You barely miss the hobgoblin. The adder barely misses you.
The adder completely misses you.
The hobgoblin hits you but does no damage.
You closely miss the adder.
The adder is moderately wounded.
You closely miss the hobgoblin. The adder bites you.
The hobgoblin closely misses you.
You hit the adder.
The adder is severely wounded.
You hit the hobgoblin but do no damage. The adder bites you.
The hobgoblin hits you but does no damage.
The adder closely misses you.
You barely miss the adder.
The adder is severely wounded.
You completely miss the hobgoblin. The adder bites you.
The hobgoblin hits you but does no damage.
The adder closely misses you.
You hit the adder.
The adder is almost dead.
You barely miss the hobgoblin. The hobgoblin hits you.
The adder bites you but does no damage. The hobgoblin barely misses you.
You closely miss the adder.
The adder is almost dead.
You hit the hobgoblin but do no damage. The adder barely misses you.
The adder bites you but does no damage.
The hobgoblin hits you but does no damage.
You miss the adder.
The adder is almost dead.
You closely miss the hobgoblin. The adder bites you. The hobgoblin hits you.
You die...

#?..## #.. #....#
#.. #....##
#..###...?.# .
#...#...... ### ..
#...#....# #.#
...#.....Sg# ###.#
.........@# ###..##
.........#####...##
........##.....###
##............##
##..........##
#.........##
#........##
..........####
#.............####


You could see an adder and a hobgoblin.

Vanquished Creatures
  An adder (D:5)
  A goblin (D:4)
  A quokka (D:4)
3 creatures vanquished.

Vanquished Creatures (others)
  A demonic plant (D:4)
1 creature vanquished.

Grand Total: 4 creatures vanquished

Notes
Turn   | Place    | Note
-------+----------+-------------------------------------------
     0 | D:5      | qw the Gargoyle Delver began the quest for the Orb.
     0 | D:5      | Reached XP level 1. HP: 14/14 MP: 1/1
     0 | D:5      | 0 ||| qw: Version: 0.1-a-118-gb4e7ce6
     0 | D:5      | 0 ||| qw: Game counter: 10611
     0 | D:5      | 0 ||| qw: Always use a shield: true
     0 | D:5      | 0 ||| qw: God list: Okawaru
     0 | D:5      | 0 ||| qw: Allow faded altars: false
     0 | D:5      | 0 ||| qw: Do Orc after D:15 true
     0 | D:5      | 0 ||| qw: Do second Lair branch before Depths: true
     0 | D:5      | 0 ||| qw: Lair rune preference: random
     0 | D:5      | 0 ||| qw: Plans: Normal
     0 | D:5      | 0 ||| PLANNING D:1-11
    31 | D:5      | HP: 2/14 [adder (4)]
    33 | D:5      | Reached XP level 2. HP: 3/19 MP: 2/2
   297 | D:5      | 297 ||| DROPPING scroll of fog.
   298 | D:5      | 298 ||| DROPPING scroll of magic mapping.
   299 | D:5      | 299 ||| DROPPING scroll of fear.
   432 | D:4      | HP: 2/19 [adder (4)]
   432 | D:4      | Slain by a hobgoblin

Levels and vault maps discovered:
D:4:      cheibrodos_helix_gallery, layout_layer_cave, serial_demonic,
          serial_demonic_e, serial_demonic_g, serial_demonic_f, serial_demonic_g
D:5:      lemuel_castle_with_subvaults [lemuel_castle_interior_carwin_3],
          layout_basic, kennysheep_mini_moat, nicolae_kite_square_tiling_tiny,
          uniq_pikel

Skill      XL: |  1 |
---------------+----+-----
Axes           | 2 |  2.6
Fighting       | |  3.2
Dodging        | |  1.5
Stealth        | |  5.4

Action                   || total
-------------------------++-------
Melee: Hand axe          ||    40
       Punch             ||     1
Armor: Leather armour    ||    19
Dodge: Dodged            ||    35

Table legend:
 A = Non-vault XP
 B = Vault XP
 C = Vault XP percentage of total XP
 D = Non-vault monster count
 E = Vault monster count
 F = Vault count percentage of total count
                 A         B        C        D         E       F
            +---------+---------+-------+---------+---------+-------
      Total |      17 |       0 |   0.0 |       3 |       0 |   0.0
            +---------+---------+-------+---------+---------+-------
        D:4 |       4 |       0 |   0.0 |       2 |       0 |   0.0
        D:5 |      13 |       0 |   0.0 |       1 |       0 |   0.0
            +---------+---------+-------+---------+---------+-------
